 Dungeon Crawl Stone Soup version 0.29-a0-477-g62b78b4225 (webtiles) character file.

Game seed: 13269401341198280413

4546 xian the Spear-Bearer (level 10, 0/78 HPs)
             Began as a Green Draconian Conjurer on May 24, 2022.
             Was a Priest of Sif Muna.
             Slain by a troll (10 damage)
             ... on level 8 of the Dungeon.
             The game lasted 00:21:46 (9874 turns).

xian the Spear-Bearer (Green Draconian Conjurer)    Turns: 9874, Time: 00:21:46

Health: 0/78       AC:  8    Str: 10    XL:     10   Next: 17%
Magic:  27/27      EV: 13    Int: 25    God:    Sif Muna [***...]
Gold:   649        SH:  0    Dex: 11    Spells: 16/20 levels left

rFire   . . .      SeeInvis .   s - +4 trident of Lodwuag {spect, Int+2 Dex+2}
rCold   . . .      Faith    .   (no shield)
rNeg    . . .      Spirit   .   (body armour unavailable)
rPois   +          Reflect  .   (helmet restricted)
rElec   .          Harm     .   (no cloak)
rCorr   .          Rampage  .   (no gloves)
Will    .....                   x - +0 pair of boots
Stlth   +++.......              (no amulet)
HPRegen 0.23/turn               g - ring of magical power
MPRegen 0.20/turn               u - +4 ring of slaying

@: spiked, hasted, very quick
A: breathe noxious fumes, AC +7, unfitting armour, poison resistance,
cold-blooded
a: Breathe Noxious Fumes, Renounce Religion, Channel Magic, Forget Spell


You were on level 8 of the Dungeon.
You worshipped Sif Muna.
Sif Muna was most pleased with you.
You visited 1 branch of the dungeon, and saw 8 of its levels.

You collected 649 gold pieces.

Inventory:

Hand Weapons
 s - the +4 trident of Lodwuag (weapon) {spect, Int+2 Dex+2}
   (You found it on level 3 of the Dungeon)

   When its wielder attacks, the weapon's spirit leaps out and strikes again.
   The spirit shares a part of any damage it takes with its wielder.
   Int:       It affects your intelligence (+2).
   Dex:       It affects your dexterity (+2).
Missiles
 t - 2 throwing nets
Armour
 x - a +0 pair of boots (worn)
Jewellery
 g - a ring of magical power (left hand)
 u - a +4 ring of slaying (right hand)
 w - a +4 ring of protection
 A - a ring of willpower
Wands
 v - a wand of digging (8)
 y - a wand of acid (9)
 B - a wand of flame (16)
 C - a wand of mindburst (8)
Scrolls
 b - a scroll of noise {unknown}
 c - 8 scrolls of identify {unknown}
 d - 2 scrolls of fear {unknown}
 e - a scroll of summoning {unknown}
 k - a scroll of enchant weapon {unknown}
 m - a scroll of magic mapping {unknown}
 o - 4 scrolls of amnesia {unknown}
 r - 2 scrolls of teleportation {unknown}
Potions
 a - a potion of magic
 f - a potion of haste
 h - a potion of heal wounds
 i - 2 potions of lignification {unknown}
 j - 9 potions of curing {unknown}
 l - a potion of degeneration {unknown}
 n - a potion of flight {unknown}
 p - 3 potions of attraction {unknown}
 q - a potion of resistance {unknown}
 z - 2 potions of mutation {unknown}


   Skills:
 + Level 4.0 Fighting
 + Level 8.1 Polearms
 + Level 5.5 Dodging
 + Level 6.4 Stealth
 + Level 5.5 Spellcasting
 + Level 7.2 Conjurations


You had 16 spell levels left.
You knew the following spells:

 Your Spells              Type           Power      Damage    Failure   Level
a - Magic Dart            Conj           100%       1d8       1%          1
b - Searing Ray           Conj           86%        2d7       1%          2
c - Slow                  Hex            24%        N/A       8%          1

Your spell library contained the following spells:

 Spells                   Type           Power      Damage    Failure   Level
 Dazzling Flash           Conj/Hex       50%        N/A       5%          3
 Freeze                   Ice            24%        1d5       8%          1
 Sting                    Tmut/Pois      24%        1d4       8%          1
 Ensorcelled Hibernation  Hex/Ice        12%        N/A       12%         2
 Poisonous Vapours        Pois/Air       12%        N/A       12%         2
 Fulminant Prism          Conj/Hex       12%        3d9       17%         4
 Hailstorm                Conj/Ice       25%        3d7       17%         4
 Iskenderun's Mystic Bla  Conj/Tloc      25%        2d7       17%         4
 Confusing Touch          Hex            6%         N/A       24%         3
 Frozen Ramparts          Ice            12%        1d3       24%         3
 Inner Flame              Hex/Fire       6%         N/A       24%         3
 Spider Form              Tmut/Pois      6%         N/A       24%         3
 Vampiric Draining        Necr           6%         2d6       24%         3
 Irradiate                Conj/Tmut      12%        3d17      43%         5
 Anguish                  Hex/Necr       3%         N/A       61%         4
 Cause Fear               Hex            3%         N/A       61%         4
 Olgreb's Toxic Radiance  Pois           6%         N/A       61%         4
 Blade Hands              Tmut           3%         N/A       91%         5
 Dragon Form              Tmut           3%         N/A       100%        7
 Discord                  Hex            3%         N/A       100%        8


Dungeon Overview and Level Annotations

Branches:
Dungeon (8/15)             Temple (0/1) D:4
   Lair: D:8-11

Altars:
Ashenzari
Kikubaaqudgha
Sif Muna
Wu Jian


Innate Abilities, Weirdness & Mutations

You can breathe blasts of noxious fumes.
Your lurid green scales are hard. (AC +7)
You cannot fit into any form of body armour.
Your system is resistant to poisons. (rPois)
You are cold-blooded and may be slowed by cold attacks.


Message History

The troll attacks as you move away! The troll bites you but does no damage.
The troll claws you.
* * * LOW HITPOINT WARNING * * *
The troll barely misses you. The troll attacks as you move away!
The troll misses you. The troll completely misses you.
The troll barely misses you. The troll attacks as you move away!
The troll barely misses you. The troll closely misses you. x2
You have got your breath back.
There is an open door here.
The troll attacks as you move away! The troll barely misses you.
The troll closely misses you. The troll misses you.
The manticore flicks its tail.
The volley of spikes hits you!
The barbed spikes become lodged in your body.
* * * LOW HITPOINT WARNING * * *
Sif Muna accepts your kill.
You can now freely open your mind to new spells.
You feel a bit more experienced.
The barbs in your skin will harm you if you move.
Continue?
Okay, then.
You feel much better. The troll misses you.
The troll claws you but does no damage. The troll misses you.
You closely miss the troll.
Your +4 trident of Lodwuag {spect, Int+2 Dex+2} hits the troll from afar!!
The troll bites you!
The troll claws you but does no damage. x2
You barely miss the troll.
The troll is heavily wounded.
Your +4 trident of Lodwuag {spect, Int+2 Dex+2} hits the troll from afar!
The troll barely misses you. The troll misses you.
The troll closely misses you.
The manticore flicks its tail.
The volley of spikes hits you!
The barbed spikes become lodged in your body.
* * * LOW HITPOINT WARNING * * *
It was a potion of haste.
You feel yourself speed up. The troll closely misses you. The troll claws you.
* * * LOW HITPOINT WARNING * * *
The troll claws you!
You die...

######..^...#..######....#
......#######'####..#...>#
......#.............#....#####
......#..........)..#........#
......#.............#........#
......'.............#........#
[.....#.######+###'##........#
#######.#....).).............
........#.)...)T@ยง.......##'#
.............).......<...#..#
........#####H#####......#..#
#...#####.........#####.)...#
..### #.#.#####.# ###)..# .##
#.#.......# ##..+ ##
#####.#H###.#.# #.# #
#.....#.#... ... #
#..###.#.#.# # #...


You could see a manticore and a troll.

Vanquished Creatures
  Pikel (D:7)
  Joseph (D:7)
  A komodo dragon (D:6)
  A wraith (D:7)
  Menkaure (D:6)
  Duvessa (D:7)
  A water moccasin (D:7)
  2 sky beasts
  3 ice beasts
  A black bear (D:7)
  An ogre (D:5)
  3 centaurs
  A lemure (D:7)
  3 kobold brigands
  A gnoll sergeant (D:8)
  2 necrophages
  4 scorpions
  5 wights
  Dowan (D:7)
  3 howler monkeys (D:7)
  4 jellies
  4 hounds
  3 orc priests
  A gnoll shaman (D:6)
  5 iguanas
  Jessica (D:3)
  Ijyb (D:5)
  8 orc wizards
  11 gnolls
  6 adders
  A river rat (D:3)
  A white imp (D:6)
  2 ufetubi
  5 worms
  21 orcs
  7 endoplasms
  2 giant cockroaches (D:3)
  7 goblins
  5 hobgoblins
  7 quokkas
  6 ball pythons
  5 bats
  A frilled lizard (D:1)
  17 kobolds
  24 rats
192 creatures vanquished.

Vanquished Creatures (others)
  An orc wizard (D:7)
1 creature vanquished.

Grand Total: 193 creatures vanquished

Notes
Turn   | Place    | Note
-------+----------+-------------------------------------------
     0 | D:1      | xian the Draconian Conjurer began the quest for the Orb.
     0 | D:1      | Reached XP level 1. HP: 14/14 MP: 3/3
   501 | D:1      | Reached XP level 2. HP: 20/20 MP: 5/5
  1598 | D:1      | Learned a level 2 spell: Searing Ray
  1779 | D:2      | Reached XP level 3. HP: 26/26 MP: 6/6
  2012 | D:2      | Found a faded altar of an unknown god.
  2335 | D:3      | Noticed Jessica
  2353 | D:3      | Reached XP level 4. HP: 25/33 MP: 7/7
  2354 | D:3      | Reached skill level 5 in Conjurations
  2357 | D:3      | Killed Jessica
  2535 | D:3      | Found a shimmering blue altar of Sif Muna.
  2564 | D:3      | Became a worshipper of Sif Muna the Loreminder
  2935 | D:3      | Found an ornate altar of the Wu Jian Council.
  3013 | D:3      | Found an ancient bone altar of Kikubaaqudgha.
  3244 | D:3      | Reached XP level 5. HP: 35/38 MP: 9/9
  3365 | D:3      | Identified the +4 trident of Lodwuag {spect, Int+2 Dex+2}
  3782 | D:4      | Found a staircase to the Ecumenical Temple.
  4232 | D:4      | Reached XP level 6. HP: 38/45 MP: 11/11
  4359 | D:4      | Reached * piety under Sif Muna
  4690 | D:5      | Entered Level 5 of the Dungeon
  4754 | D:5      | Reached skill level 1 in Polearms
  4754 | D:5      | Your scales start taking on a lurid green colour.
  4754 | D:5      | Reached XP level 7. HP: 50/50 MP: 13/13
  4754 | D:5      | Gained mutation: Your system is resistant to poisons.
                  | (rPois) [Green Draconian growth]
  5065 | D:5      | Reached skill level 2 in Polearms
  5083 | D:5      | HP: 2/44 [gnoll/+2 flail of draining (1)]
  5772 | D:5      | Reached skill level 1 in Fighting
  5848 | D:5      | Reached skill level 5 in Spellcasting
  5938 | D:5      | Learned a level 1 spell: Slow
  5974 | D:5      | Noticed Ijyb
  5978 | D:5      | Killed Ijyb
  6036 | D:5      | Identified the +3 leather armour "Ceypukam" {Stlth+}
  6294 | D:6      | Reached skill level 3 in Polearms
  6294 | D:6      | Reached XP level 8. HP: 59/59 MP: 15/15
  6407 | D:6      | Noticed a komodo dragon
  6409 | D:6      | Noticed Menkaure
  6429 | D:6      | Killed Menkaure
  6430 | D:6      | Reached skill level 4 in Polearms
  6439 | D:6      | Killed a komodo dragon
  6916 | D:6      | Reached skill level 5 in Polearms
  7269 | D:6      | Reached ** piety under Sif Muna
  7467 | D:6      | Reached XP level 9. HP: 13/66 MP: 16/16
  7774 | D:6      | Reached skill level 6 in Polearms
  8047 | D:7      | Reached skill level 5 in Stealth
  8053 | D:7      | Found a broken altar of Ashenzari.
  8146 | D:7      | Noticed Pikel
  8156 | D:7      | Killed Pikel
  8157 | D:7      | Reached skill level 7 in Polearms
  8311 | D:7      | Noticed Joseph
  8333 | D:7      | Killed Joseph
  8334 | D:7      | Reached skill level 5 in Dodging
  9055 | D:7      | Noticed Duvessa
  9055 | D:7      | Noticed Dowan
  9064 | D:7      | Killed Duvessa
  9067 | D:7      | Killed Dowan
  9245 | D:7      | Reached skill level 8 in Polearms
  9245 | D:7      | Reached XP level 10. HP: 54/78 MP: 18/18
  9851 | D:8      | Noticed a red ugly thing
  9851 | D:8      | Noticed a boulder beetle
  9852 | D:8      | Noticed a manticore
  9870 | D:8      | Reached *** piety under Sif Muna
  9874 | D:8      | Slain by a troll

Illustrated notes

Levels and vault maps discovered:
D:1:      dpeg_arrival_circle_labyrinth_b, layout_basic, kennysheep_crisscross
D:2:      layout_rooms, hellmonk_ecumenical_altar_leap_of_faith, minmay_rat_hole
D:3:      layout_loops_ring, nicolae_sif_muna_condensation,
          mainiacjoe_overflow_catch_the_wave, gup_sewer_entry_spiral,
          minmay_pentomino_pile, uniq_jessica
D:4:      layout_loops_ring, minmay_temple_entry_ruins, minmay_strange_pillars,
          minmay_pentangle
D:5:      layout_basic, grunt_ministairs_2, serial_bayou_pond_d, uniq_ijyb
D:6:      nicolae_cairo_tiling_large_dashed, layout_basic, uniq_menkaure
D:7:      layout_basic, amcnicky_altar_gilded, grunt_ministairs_11,
          minmay_a_box_with_orc_wizards_in_it, uniq_joseph, uniq_pikel,
          uniq_duvessa
D:8:      minmay_the_grid_plus_closed [minmay_the_grid_odd_star,
          minmay_the_grid_holed_spiral, minmay_the_grid_paths,
          minmay_the_grid_small_cups, minmay_the_grid_prize_four_corners],
          layout_gridville

Skill      XL: |  1  2  3  4  5  6  7  8  9 10 |
---------------+-------------------------------+-----
Stealth        | 2 3 4 5 6 |  6.4
Conjurations   | 5 6 7 |  7.2
Spellcasting   | 3 4 5 |  5.5
Dodging        | 2 3 4 5 |  5.5
Polearms       | 1 3 5 8 |  8.1
Fighting       | 1 2 4 |  4.0

Action                   |  1- 3 |  4- 6 |  7- 9 | 10-12 || total
-------------------------+-------+-------+-------+-------++-------
Melee: Mace              |     4 |     8 |       |       ||    12
       Tailslap          |     2 |     4 |    24 |     2 ||    32
       Trident           |       |    19 |   143 |    22 ||   184
       Punch             |       |       |     4 |     1 ||     5
 Cast: Magic Dart        |    72 |    87 |    23 |     1 ||   183
       Searing Ray       |     2 |     2 |     2 |     2 ||     8
       Slow              |       |       |       |     1 ||     1
 Abil: Breathe Noxious F |       |       |    11 |     3 ||    14
  Use: Potion            |       |       |     2 |     4 ||     6
 Stab: Sleeping          |       |     1 |     6 |     2 ||     9
       Confused          |       |       |     1 |       ||     1
Armor: Skin              |     5 |    11 |    61 |    11 ||    88
Dodge: Dodged            |    18 |    27 |    97 |    42 ||   184

Table legend: (Time is in decaauts)
 A = Elapsed time spent in this place.
 B = Non-inter-level travel time spent in this place.
 C = Inter-level travel time spent in this place.
 D = Time resting spent in this place.
 E = Time spent auto-exploring this place.
 F = Levels seen in this place.
 G = Mean time per level.
                   A        B        C        D        E       F      G
               +--------+--------+--------+--------+--------+-----+--------+
         Total |   9934 |   9648 |    286 |    998 |   7144 |   8 | 1241.8 |
       Dungeon |   9934 |   9648 |    286 |    998 |   7144 |   8 | 1241.8 |
               +--------+--------+--------+--------+--------+-----+--------+

Top non-repeatable levels by time:
     D:1: 1679 daAuts
     D:6: 1658 daAuts
     D:7: 1608 daAuts
     D:5: 1577 daAuts
     D:3: 1414 daAuts
     D:4: 985 daAuts
     D:2: 654 daAuts
     D:8: 354 daAuts
